 Dungeon Crawl Stone Soup version 0.21-a0-634-gaf8bc5d (webtiles) character file.

6531 Megalobster the Grappler (level 10, -1/144 HPs)
             Began as a Troll Hunter on Dec 29, 2017.
             Was an Elder of Makhleb.
             Slain by Snorg (16 damage)
             ... on level 10 of the Dungeon.
             The game lasted 00:36:12 (8912 turns).

Megalobster the Grappler (Troll Hunter)             Turns: 8912, Time: 00:36:13

Health: -1/144     AC:  6    Str: 30    XL:     10   Next: 69%
Magic:  23/23      EV: 11    Int:  7    God:    Makhleb [****..]
Gold:   478        SH:  0    Dex: 10    Spells: 9/9 levels left

rFire    . . .     SeeInvis .     - Unarmed
rCold    . . .     Gourm    +   (no shield)
rNeg     . . .     Faith    .   b - +0 robe
rPois    .         Spirit   .   (helmet restricted)
rElec    .         Reflect  .   r - +0 cloak
rCorr    .         Harm     .   (gloves unavailable)
MR       .....                  (boots unavailable)
Stlth    ..........             u - amulet of rage
HPRegen  0.74/turn              R - ring of stealth (curse)
MPRegen  0.18/turn              v - ring of magical power

@: berserking, very quick
A: large, unfitting armour, claws 3, fast metabolism 3, gourmand, regeneration
1, shaggy fur 1, tough skin 2
a: Minor Destruction, Lesser Servant of Makhleb, Major Destruction, Renounce
Religion, Evoke Berserk Rage


You were on level 10 of the Dungeon.
You worshipped Makhleb.
Makhleb was greatly pleased with you.
You were completely stuffed.

You visited 2 branches of the dungeon, and saw 11 of its levels.
You also visited: Sewer.

You collected 478 gold pieces.

Inventory:

Hand Weapons
 a - a +0 blowgun
Missiles
 g - 2 throwing nets
 k - 372 stones
 o - 61 poisoned needles
 G - 4 tomahawks
 H - 4 javelins
 J - 2 large rocks (quivered)
Armour
 b - a +0 robe (worn)
 r - a +0 cloak (worn)
Jewellery
 u - an amulet of rage (around neck)
 v - a ring of magical power (right claw)
 R - a cursed ring of stealth (left claw)
Wands
 c - a wand of scattershot (3)
 S - a wand of polymorph (17)
Scrolls
 d - 6 scrolls of fog
 e - 3 scrolls of enchant weapon
 i - 5 scrolls of teleportation
 j - 2 scrolls of enchant armour
 n - 5 scrolls of magic mapping
 B - a scroll of remove curse
 E - a scroll of fear
Potions
 h - a potion of berserk rage
 m - a potion of degeneration {unknown}
 q - 4 potions of flight
 s - 4 potions of curing
 w - a potion of ambrosia
 z - 2 potions of brilliance
 C - a potion of magic {unknown}
 D - 3 potions of might
 F - 2 potions of haste
 M - a potion of mutation {unknown}
Comestibles
 f - 20 rations


   Skills:
 + Level 5.0 Fighting
 * Level 7.2 Throwing
 + Level 3.5 Armour
 + Level 5.0 Dodging
 - Level 1.6 Stealth
 * Level 8.2 Unarmed Combat
 * Level 6.8 Invocations
 * Level 0.6 Evocations


You had 9 spell levels left.
You didn't know any spells.

Dungeon Overview and Level Annotations

Branches:
Dungeon (9/15)             Temple (1/1) D:6            Lair (0/6) D:8
    Orc: D:9-12

Altars:
Ashenzari
Cheibriados
Dithmenos
Elyvilon
Fedhas
Gozag
Hepliaklqana
Kikubaaqudgha
Makhleb
Nemelex Xobeh
Okawaru
Qazlal
Ru
Sif Muna
Trog
Uskayaw
Vehumet
Wu Jian
Xom
Yredelemnul
Zin
The Shining One

Shops:
D:6 (

Annotations:
D:4 2 transporters, Menkaure
D:10 Snorg, Urug


Innate Abilities, Weirdness & Mutations

You are too large for most types of armour.
You have claws for hands.
Your metabolism is lightning-fast.
You like to eat raw meat.
Your natural rate of healing is unusually fast.
You are covered in fur. (AC +1)
You have very tough skin. (AC +2)


Message History

A red film seems to cover your vision as you go berserk!
You feel yourself moving faster!
You feel mighty! Snorg bites your hellwing!! Snorg claws your hellwing!
Snorg claws your hellwing.
Your hellwing hits Snorg. Your hellwing hits Snorg! Your hellwing misses Snorg.
Your hellwing barely misses Snorg.
Unknown command.
You mangle Snorg!!
Snorg is moderately wounded.
Snorg bites you!
* * * LOW HITPOINT WARNING * * *
Snorg claws you.
* * * LOW HITPOINT WARNING * * *
Snorg claws you!
* * * LOW HITPOINT WARNING * * *
Your hellwing hits Snorg. Your hellwing hits Snorg!
You catch the helpless Snorg completely off-guard!
You mangle Snorg!!
Snorg is severely wounded.
Snorg bites you but does no damage. Snorg claws you!
You die...

##Y# #.#
#####'#
###.#####
#.....z
#.).....#
#......
###.....).#
## #......
.........#>.(
+......
#....o.).>#
#......
#...o.4.#
#......
#...@T4(#
#......
#..(....#
#......
#########
#......
######


You could see Snorg (berserk), 2 orcs and 2 friendly hellwings.

Vanquished Creatures
  The ghost of wazuzu the Grappler, a novice TrMo of Ru (D:6)
  Pikel (D:8)
  Joseph (D:8)
  A hippogriff (D:8)
  2 wyverns
  A hungry ghost (D:7)
  2 ice beasts (D:6)
  3 slaves (D:8)
  An orc warrior (D:7)
  5 phantoms
  A necrophage (D:8)
  6 ogres
  A centaur (D:8)
  A crocodile (D:8)
  3 big kobolds
  8 bullfrogs
  3 scorpions
  4 killer bees (D:9)
  4 wights
  A howler monkey (D:5)
  3 crimson imps
  A quasit (D:8)
  A bullfrog zombie (D:6)
  6 hounds
  2 orc priests
  3 iguanas
  8 orc wizards
  4 worker ants
  Robin (D:2)
  4 gnolls (D:6)
  14 adders
  5 river rats (Sewer)
  3 shadow imps
  3 oozes (Sewer)
  2 worms (D:4)
  3 dart slugs
  5 leopard geckos
  24 orcs
  10 bats
  10 giant cockroaches
  12 goblins
  13 hobgoblins
  13 jackals
  4 quokkas
  9 ball pythons
  9 frilled lizards
  A goblin zombie (D:7)
  3 hobgoblin zombies (D:7)
  22 kobolds
  A kobold skeleton (D:7)
  2 orc skeletons (D:7)
  An orc zombie (D:7)
  2 quokka skeletons (D:6)
  25 rats
279 creatures vanquished.

Vanquished Creatures (collateral kills)
  A two-headed ogre (D:8)
  A yak (D:8)
  A crocodile (D:8)
  A big kobold (D:7)
  4 wights (D:7)
  A bullfrog zombie (D:8)
  2 orc priests
  A worker ant (D:7)
  A shadow imp (D:7)
  2 orcs (D:10)
  5 kobolds
  A kobold zombie (D:7)
  An orc zombie (D:7)
22 creatures vanquished.

Vanquished Creatures (others)
  4 orcs (D:8)
4 creatures vanquished.

Grand Total: 305 creatures vanquished

Notes
Turn   | Place    | Note
-------+----------+-------------------------------------------
     0 | D:1      | Megalobster the Troll Hunter began the quest for the Orb.
     0 | D:1      | Reached XP level 1. HP: 19/19 MP: 0/0
   151 | D:1      | Reached XP level 2. HP: 27/28 MP: 1/1
   291 | D:1      | Reached skill level 1 in Unarmed Combat
   628 | D:1      | Reached XP level 3. HP: 35/35 MP: 2/2
  1096 | D:2      | You fall through a shaft!
  1355 | D:2      | Noticed Robin
  1364 | D:2      | Killed Robin
  1364 | D:2      | Reached skill level 2 in Unarmed Combat
  1364 | D:2      | Reached XP level 4. HP: 36/42 MP: 3/3
  1407 | D:2      | Reached skill level 1 in Stealth
  1881 | D:3      | Reached XP level 5. HP: 41/49 MP: 4/4
  2365 | D:3      | Found a burning altar of Makhleb.
  2366 | D:3      | Found a shimmering altar of Xom.
  2412 | D:3      | Became a worshipper of Makhleb the Destroyer
  2709 | D:4      | Found a transporter.
  2720 | D:4      | Found an ancient bone altar of Kikubaaqudgha.
  2724 | D:4      | Found a transporter.
  2749 | D:4      | Found a basalt altar of Yredelemnul.
  2753 | D:4      | Noticed Menkaure
  2796 | D:4      | Noticed a phantom
  2860 | D:4      | Killed a phantom
  2860 | D:4      | Reached skill level 3 in Unarmed Combat
  2860 | D:4      | Reached XP level 6. HP: 29/59 MP: 5/5
  2892 | D:4      | Reached skill level 1 in Invocations
  3058 | D:4      | Found a glowing drain.
  3083 | Sewer    | Entered a sewer
  3323 | Sewer    | Reached * piety under Makhleb
  3498 | Sewer    | Reached XP level 7. HP: 66/66 MP: 7/7
  3657 | Sewer    | Reached skill level 4 in Unarmed Combat
  3763 | Sewer    | Reached ** piety under Makhleb
  4737 | D:4      | Found a stormy altar of Qazlal.
  4772 | D:5      | Entered Level 5 of the Dungeon
  5039 | D:5      | Reached XP level 8. HP: 69/75 MP: 9/9
  5205 | D:5      | Found a snail-covered altar of Cheibriados.
  5205 | D:5      | Found a radiant altar of Vehumet.
  5206 | D:5      | Found a glowing silver altar of Zin.
  5226 | D:5      | Reached skill level 5 in Unarmed Combat
  5436 | D:6      | Found an ornate altar of the Wu Jian Council.
  5472 | D:6      | Found a staircase to the Ecumenical Temple.
  5495 | D:6      | Reached skill level 1 in Armour
  5521 | Temple   | Entered the Ecumenical Temple
  5667 | D:6      | Reached skill level 5 in Throwing
  5986 | D:6      | Reached *** piety under Makhleb
  5986 | D:6      | Reached skill level 6 in Unarmed Combat
  6025 | D:6      | Found a sacrificial altar of Ru.
  6068 | D:5      | Found a hide-covered altar of Uskayaw.
  6068 | D:5      | Found a blossoming altar of Fedhas.
  6423 | D:6      | Found Tyrem's Antique Weapon Boutique.
  6497 | D:6      | Noticed wazuzu's ghost (novice TrMo)
  6506 | D:6      | Killed wazuzu's ghost
  6506 | D:6      | Reached XP level 9. HP: 42/84 MP: 11/11
  6616 | D:7      | Reached skill level 5 in Invocations
  6710 | D:7      | Found a glowing golden altar of the Shining One.
  6987 | D:7      | Reached skill level 7 in Unarmed Combat
  6991 | D:7      | Reached **** piety under Makhleb
  7664 | D:8      | Noticed Joseph
  7677 | D:8      | Killed Joseph
  7781 | D:8      | Noticed a two-headed ogre
  7784 | D:8      | Killed a two-headed ogre
  7784 | D:8      | Reached XP level 10. HP: 94/94 MP: 13/13
  8067 | D:8      | Noticed Pikel
  8078 | D:8      | Killed Pikel
  8309 | D:8      | Found a staircase to the Lair.
  8317 | D:8      | Reached skill level 8 in Unarmed Combat
  8747 | D:9      | Reached skill level 5 in Fighting
  8758 | D:9      | Reached skill level 5 in Dodging
  8877 | D:9      | You fall through a shaft!
  8877 | D:10     | Entered Level 10 of the Dungeon
  8877 | D:10     | Noticed Urug
  8877 | D:10     | Noticed a two-headed ogre
  8898 | D:10     | Noticed Snorg
  8912 | D:10     | Slain by Snorg

Vault maps used:
D:1:      dpeg_arrival_round_c
D:2:      first_ration, uniq_robin
D:3:      grunt_temple_overflow_champion_of_chaos
D:4:      gammafunk_temple_of_torment, marbit_many_paths, portal_sewer_entry_a
D:5:      nicolae_overflow_hidden_temple, minmay_statues_item
D:6:      lemuel_doored_altar, kennysheep_little_box,
          minmay_temple_entry_junction_2, serial_shops, shop, minmay_checkerbox
D:7:      grunt_ogre_cave, nicolae_tso_besieged_by_evil
D:8:      david_lair_generic, uniq_pikel, uniq_joseph
D:10:     kennysheep_orc_monster_closet_entryway, basic_altar, serial_undead,
          serial_undead_c, serial_undead_a, serial_undead_e, serial_undead_a,
          serial_undead_e, serial_undead_f, serial_undead_b, uniq_grum,
          uniq_erolcha, uniq_snorg, uniq_urug, uniq_fannar
Temple:   eino_wide_crystal_templ
Sewer:    sewer_minmay_w

Skill      XL: |  1  2  3  4  5  6  7  8  9 10 |
---------------+-------------------------------+-----
Unarmed Combat | 1 2 3 4 6 7 8 |  8.2
Fighting       | 2 3 4 5 |  5.0
Dodging        | 2 3 4 5 |  5.0
Stealth        | 1 |  1.6
Throwing       | 4 5 6 7 |  7.2
Invocations    | 1 3 4 6 |  6.8
Armour         | 2 3 |  3.5
Evocations     | |  0.6

Action                   |  1- 3 |  4- 6 |  7- 9 | 10-12 || total
-------------------------+-------+-------+-------+-------++-------
Melee: Unarmed           |   110 |   109 |   257 |   131 ||   607
       Punch             |       |       |    10 |     8 ||    18
Throw: Stone             |    41 |   126 |   256 |    58 ||   481
       Large rock        |       |    14 |    19 |     4 ||    37
       Throwing net      |       |     2 |       |       ||     2
       Tomahawk          |       |       |     2 |       ||     2
       Javelin           |       |       |    24 |       ||    24
Invok: Minor Destruction |       |       |     5 |       ||     5
       Lesser Servant of |       |       |     3 |     5 ||     8
  Use: Potion            |     1 |       |     2 |     4 ||     7
       Scroll            |       |    11 |     7 |     5 ||    23
 Stab: Sleeping          |     1 |       |       |     1 ||     2
       Distracted        |       |       |     1 |     1 ||     2
  Eat: Chunk             |    18 |    20 |    42 |    10 ||    90
Armor: Robe              |    38 |    36 |    78 |    18 ||   170
Dodge: Dodged            |    59 |    55 |   156 |    78 ||   348

Table legend:
 A = Spawn XP
 B = Non-spawn XP
 C = Spawn XP percentage of total XP
 D = Spawn monster count
 E = Non-spawn monster count
 F = Spawn count percentage of total count
 G = Total turns spent on level
                    A         B        C        D         E        F      G
               +---------+---------+-------+---------+---------+-------+---------
         Total |       0 |    9330 |   0.0 |       0 |     298 |   0.0 |  8912
               +---------+---------+-------+---------+---------+-------+---------
           D:1 |       0 |      43 |   0.0 |       0 |      22 |   0.0 |   668
           D:2 |       0 |      75 |   0.0 |       0 |      30 |   0.0 |  1007
           D:3 |       0 |     173 |   0.0 |       0 |      21 |   0.0 |  1034
           D:4 |       0 |     608 |   0.0 |       0 |      36 |   0.0 |  1148
           D:5 |       0 |     408 |   0.0 |       0 |      13 |   0.0 |   646
           D:6 |       0 |    2026 |   0.0 |       0 |      32 |   0.0 |  1173
           D:7 |       0 |    1331 |   0.0 |       0 |      44 |   0.0 |   967
           D:8 |       0 |    3418 |   0.0 |       0 |      33 |   0.0 |   931
           D:9 |       0 |     863 |   0.0 |       0 |      17 |   0.0 |   336
          D:10 |       0 |       4 |   0.0 |       0 |       2 |   0.0 |    35
         Sewer |       0 |     381 |   0.0 |       0 |      48 |   0.0 |   915
               +---------+---------+-------+---------+---------+-------+---------
